 Dungeon Crawl Stone Soup version 0.31.0-1-g2c135a008e (webtiles) character file.

Game seed: 8946955482459345311

400 qw the Shooter (level 7, 0/52 HPs)
             Began as a Djinni Hunter on Jan 24, 2024.
             Slain by a gnoll
             ... wielding a +0 spear
             ... led by a gnoll bouda
              (7 damage)
             ... on level 4 of the Dungeon.
             The game lasted 00:00:10 (2846 turns).

qw the Shooter (Djinni Hunter)                      Turns: 2846, Time: 00:00:11

Health: 0/52       AC: 12    Str: 10    XL:     7   Next: 10%
Gold:   77         EV: 11    Int: 11    God:
                   SH:  0    Dex: 18

rFire   + + .        a - +0 shortbow (heavy)
rCold   . . .        (shield currently unavailable)
rNeg    . . .        i - +0 ring mail
rPois   inf          k - +2 helmet
rElec   .            (no cloak)
rCorr   .            (no gloves)
SInv    .            (boots unavailable)
Will    .....        (no amulet)
Stlth   +            Y - ring of protection from cold
HPRegen 0.28/turn    l - +4 ring of protection
MPRegen 0.00/turn

%: infuse magic (-1 HP)
@: flying
A: sickness immunity, fire resistance 2, cold vulnerability 1, float, innate
caster, HP casting, extra vitality 1
a: no special abilities


You were on level 4 of the Dungeon.
You visited 1 branch of the dungeon, and saw 4 of its levels.

You collected 77 gold pieces.


Innate Abilities, Weirdness & Mutations

You are immune to sickness and miasma.
You are immune to poison.
Your flesh is very heat resistant. (rF++)
You are vulnerable to cold. (rC-)
You float through the air rather than walking.
You learn spells naturally, not from books.
Your magical power is your life essence.
You have superior vitality. (+4 MHP)


   Skills:
 - Level 4.2 Fighting
 + Level 5.4 Ranged Weapons
 - Level 1.0 Armour
 - Level 3.0 Dodging
 - Level 0.7 Stealth


You knew the following spells:

 Your Spells              Type           Power      Damage    Failure   Level
a - Shock                 Conj/Air       0%         1d3       65%         1
b - Ensorcelled Hibernat  Hex/Ice        0%         N/A       80%         2
c - Passwall              Erth           0%         N/A       95%         3
Your spell library was empty.

Inventory:

Hand Weapons
 a - a +0 heavy shortbow (weapon)
Armour
 i - a +0 ring mail (worn)
 k - a +2 helmet (worn)
Jewellery
 l - a +4 ring of protection (right hand)
 Y - a ring of protection from cold (left hand)
Potions
 g - a potion of heal wounds
 h - a potion of curing

Dungeon Overview and Level Annotations

Branches:
Dungeon (4/15)
 Temple: D:4-7

Altars:
Makhleb

Annotations:
D:2 1 runed translucent door, Crazy Yiuf


Message History

The gnoll is no longer moving quickly.
The gnoll barely misses you.
The gnoll hits you but does no damage. x2; The black bear completely misses you.
The black bear claws you but does no damage.
The black bear misses you.
The gnoll hits you from afar with a +0 spear.
The gnoll closely misses you.
You shoot an arrow. The arrow hits the black bear!!
The black bear is severely wounded.
The gnoll hits you but does no damage. The black bear closely misses you. x2
The black bear claws you.
The gnoll hits you from afar with a +0 spear.
The gnoll hits you but does no damage. The black bear bites you.
The black bear closely misses you.
The black bear claws you but does no damage.
The gnoll hits you but does no damage.
The gnoll hits you from afar with a +0 spear.
2844 ||| DRINKING 2 potions of heal wounds.
You feel much better. The gnoll hits you but does no damage.
The black bear closely misses you.
The black bear barely misses you. x2; The gnoll closely misses you.
The gnoll hits you from afar with a +0 spear.
You shoot an arrow.
The arrow closely misses the black bear.
The gnoll is no longer moving quickly. x2
The gnoll hits you from afar with a +0 spear.
The black bear misses you. The black bear barely misses you.
The black bear claws you but does no damage.
The gnoll hits you but does no damage. x2; The gnoll closely misses you.
The black bear bites you. The black bear claws you.
The black bear closely misses you. The gnoll hits you with a +0 flail!
You shoot an arrow. The arrow hits the black bear!
The black bear is almost dead.
The gnoll hits you from afar with a +0 spear.
The gnoll hits you but does no damage.
The black bear bites you but does no damage.
The black bear barely misses you.
The black bear claws you but does no damage.
The gnoll hits you with a +0 flail!
The gnoll hits you from afar with a +0 spear!
You die...

#..#...........(.# ##..# #.
......###.....######...#....
.....###......###.#.........
................#...........
.......#####................
...... ###.................
[..##...................
........##..............
......g@##..........#...
.....#..h.......##..#...
.#...##gg........ ... ##.
#.#......... .. ..
<.##...... .. .... ....##
..... .#### ...... #
......[.


You could see a black bear and 3 gnolls.

Vanquished Creatures
  Sigmund (D:2)
  A scorpion (D:2)
  An orc priest (D:4)
  A gnoll bouda (D:4)
  Robin (D:2)
  2 gnolls (D:4)
  2 adders
  2 dart slugs (D:1)
  4 ribbon worms
  5 orcs (D:3)
  3 endoplasms
  A giant cockroach (D:3)
  12 hobgoblins
  6 kobolds
  3 quokkas
  2 ball pythons (D:3)
  5 bats
  3 frilled lizards
  9 goblins
  6 rats
70 creatures vanquished.

Notes
Turn   | Place    | Note
-------+----------+-------------------------------------------
     0 | D:1      | qw the Djinni Hunter began the quest for the Orb.
     0 | D:1      | Reached XP level 1. HP: 18/18 MP: 0/0
     0 | D:1      | 0 ||| qw: Version: 0.3-a-136-gdd3b4e8
     0 | D:1      | 0 ||| qw: Game counter: 1382
     0 | D:1      | 0 ||| qw: Melee chars always use a shield: true
     0 | D:1      | 0 ||| qw: God list: Okawaru
     0 | D:1      | 0 ||| qw: Allow faded altars: false
     0 | D:1      | 0 ||| qw: Do Orc after clearing Dungeon:15 true
     0 | D:1      | 0 ||| qw: Do second Lair branch before Depths: true
     0 | D:1      | 0 ||| qw: Lair rune preference: random
     0 | D:1      | 0 ||| qw: Goals: Normal
     0 | D:1      | 0 ||| PLANNING D:1-11
   124 | D:1      | Reached XP level 2. HP: 23/23 MP: 0/0
   807 | D:1      | Reached XP level 3. HP: 28/28 MP: 0/0
   807 | D:1      | Learned a level 1 spell: Shock
   811 | D:1      | Reached skill level 4 in Ranged Weapons
   858 | D:1      | Found a faded altar of an unknown god.
   946 | D:1      | 946 ||| UPGRADING to ring of protection from cold.
   947 | D:1      | 947 ||| UPGRADING to ring of protection from cold.
   948 | D:1      | 948 ||| READING scroll labelled GOICKIP BITOAPH.
   953 | D:1      | 953 ||| READING 4 scrolls labelled OKAFUA IHEA.
   953 | D:1      | 953 ||| IDENTIFYING metallic sapphire potion
   954 | D:1      | 954 ||| READING 3 scrolls of identify.
   954 | D:1      | 954 ||| IDENTIFYING coppery potion
   955 | D:1      | 955 ||| READING 2 scrolls of identify.
   955 | D:1      | 955 ||| IDENTIFYING grey potion
   956 | D:1      | 956 ||| READING scroll of identify.
   956 | D:1      | 956 ||| IDENTIFYING scroll labelled SAXYGI UNUAM
   957 | D:1      | 957 ||| READING scroll labelled URUADD RICKECS.
   957 | D:1      | 957 ||| BRANDING +0 shortbow.
   958 | D:1      | 958 ||| READING scroll labelled HERCHE FOFI.
  1059 | D:1      | 1059 ||| DROPPING scroll of butterflies.
  1060 | D:1      | 1060 ||| DROPPING potion of lignification.
  1061 | D:1      | 1061 ||| DROPPING potion of ambrosia.
  1062 | D:1      | 1062 ||| DROPPING scroll of torment.
  1192 | D:2      | Noticed a scorpion
  1195 | D:2      | Killed a scorpion
  1196 | D:2      | Reached skill level 3 in Fighting
  1196 | D:2      | Reached XP level 4. HP: 35/37 MP: 0/0
  1431 | D:2      | Reached XP level 5. HP: 41/41 MP: 0/0
  1431 | D:2      | Learned a level 2 spell: Ensorcelled Hibernation
  1436 | D:2      | Noticed Robin
  1452 | D:2      | Killed Robin
  1455 | D:2      | Reached skill level 3 in Dodging
  1602 | D:2      | Noticed Sigmund
  1604 | D:2      | Killed Sigmund
  1605 | D:2      | Reached skill level 5 in Ranged Weapons
  1605 | D:2      | Reached XP level 6. HP: 47/47 MP: 0/0
  1918 | D:2      | Found a runed translucent door.
  1919 | D:2      | Noticed Crazy Yiuf
  1922 | D:2      | 1922 ||| UPGRADING to +0 ring mail.
  1932 | D:2      | 1932 ||| DROPPING +0 leather armour.
  1933 | D:2      | 1933 ||| UPGRADING to +0 helmet.
  1938 | D:2      | 1938 ||| UPGRADING to +4 ring of protection.
  1940 | D:2      | 1940 ||| DROPPING ring of protection from cold.
  1941 | D:2      | 1941 ||| READING scroll of identify.
  1941 | D:2      | 1941 ||| IDENTIFYING dark potion
  1942 | D:2      | 1942 ||| READING scroll labelled QUUROT VIXICK.
  1942 | D:2      | 1942 ||| ENCHANTING +0 helmet.
  1943 | D:2      | 1943 ||| DROPPING potion of degeneration.
  2056 | D:3      | 2056 ||| READING scroll of enchant armour.
  2056 | D:3      | 2056 ||| ENCHANTING +1 helmet.
  2189 | D:3      | Reached skill level 1 in Armour
  2623 | D:3      | 2623 ||| READING 2 scrolls of identify.
  2623 | D:3      | 2623 ||| IDENTIFYING yellow potion
  2624 | D:3      | 2624 ||| READING scroll of identify.
  2624 | D:3      | 2624 ||| IDENTIFYING metallic emerald potion
  2625 | D:3      | 2625 ||| READING scroll labelled KIN XIOHIURUC.
  2626 | D:3      | 2626 ||| DROPPING potion of brilliance.
  2646 | D:4      | Found a burning altar of Makhleb.
  2647 | D:4      | 2647 ||| STAIRDANCE
  2756 | D:4      | 2756 ||| STAIRDANCE
  2774 | D:4      | 2774 ||| STAIRDANCE
  2830 | D:4      | Noticed a black bear
  2831 | D:4      | 2831 ||| RETREEEEATING.
  2832 | D:4      | 2832 ||| RETREEEEATING.
  2836 | D:4      | Reached XP level 7. HP: 52/52 MP: 0/0
  2836 | D:4      | Learned a level 3 spell: Passwall
  2843 | D:4      | HP: 10/52 [black bear (4)]
  2844 | D:4      | 2844 ||| DRINKING 2 potions of heal wounds.
  2846 | D:4      | Slain by a gnoll

Levels and vault maps discovered:
D:1:      elethiomel_arrival_infinity_welcomes_careful_drivers,
          layout_loops_corners, chequers_ecumenical_altar_twisty
D:2:      layout_basic, uniq_robin, uniq_crazy_yiuf_cottage, uniq_sigmund
D:3:      layout_loops_ring, grunt_ministairs_8, minmay_statues_item
D:4:      layout_cave_pools, lemuel_round_altar, lemuel_coloured_pillars_altar,
          bloody_makhleb

Skill      XL: |  1  2  3  4  5  6 |
---------------+-------------------+-----
Ranged Weapons | 4 5 |  5.4
Fighting       | 3 4 |  4.2
Dodging        | 3 |  3.0
Armour         | 1 |  1.0
Stealth        | |  0.7

Action                     |  1- 3 |  4- 6 |  7- 9 || total
---------------------------+-------+-------+-------++-------
   Fire: Shortbow          |    60 |   104 |    10 ||   174
    Use: Scroll            |     7 |     6 |       ||    13
         Potion            |       |       |     1 ||     1
 Armour: Leather armour    |     8 |    17 |       ||    25
         Ring mail         |       |    29 |    49 ||    78
  Dodge: Dodged            |     5 |    66 |    31 ||   102

Table legend:
 A = Non-vault XP
 B = Vault XP
 C = Vault XP percentage of total XP
 D = Non-vault monster count
 E = Vault monster count
 F = Vault count percentage of total count
                 A         B        C        D         E       F
            +---------+---------+-------+---------+---------+-------
      Total |     334 |     238 |  41.6 |      64 |       6 |   8.6
            +---------+---------+-------+---------+---------+-------
        D:1 |      40 |       0 |   0.0 |      22 |       0 |   0.0
        D:2 |     118 |     238 |  66.9 |      15 |       6 |  28.6
        D:3 |      63 |       0 |   0.0 |      23 |       0 |   0.0
        D:4 |     113 |       0 |   0.0 |       4 |       0 |   0.0
            +---------+---------+-------+---------+---------+-------
